 Dungeon Crawl Stone Soup version 0.29-a0-925-g0a7a3d12f8 (webtiles) character file.

Game seed: 8620513398856487166

1110 Newt the Twirler (level 8, 0/66 HPs)
             Began as a Meteoran Gladiator on July 28, 2022.
             Was a Believer of Makhleb.
             Slain by a troll (3 damage)
             ... on level 6 of the Dungeon.
             The game lasted 00:09:25 (2868 turns).

Newt the Twirler (Meteoran Gladiator)               Turns: 2868, Time: 00:09:26

Health: 0/66       AC:  3    Str: 18    XL:     8   Next: 90%
Magic:  9/9        EV: 13    Int:  9    God:    Makhleb [**....]
Gold:   113        SH:  5    Dex: 16    Spells: 7/7 levels left

rFire   . . .      SeeInvis .   D - +8 demon blade "Leech" {vamp, Harm Drain rN+}
rCold   . . .      Faith    .   (no shield)
rNeg    + . .      Spirit   .   b - +0 leather armour
rPois   .          Reflect  +   (no helmet)
rElec   .          Harm     +   (no cloak)
rCorr   .          Rampage  .   (no gloves)
Will    +....                   (no boots)
Stlth   +.........              y - amulet of reflection
HPRegen 0.21/turn               (no ring)
MPRegen 0.11/turn               (no ring)

@: hasted, glowing, very quick
A: sense surroundings 1, otherworldly, glowing, explore regen, mutation
resistance 1
a: Renounce Religion, Minor Destruction


You were on level 6 of the Dungeon.
You worshipped Makhleb.
Makhleb was pleased with you.
You visited 1 branch of the dungeon, and saw 7 of its levels.

You collected 321 gold pieces.
You spent 208 gold pieces at shops.

Inventory:

Hand Weapons
 a - a +1 quarterstaff
 D - the +8 demon blade "Leech" (weapon) {vamp, Harm Drain rN+}
   (You found it on level 6 of the Dungeon)

   It heals its wielder for a portion of the damage dealt every time it strikes
   a living foe.
   rN:        It protects you from negative energy.
   Drain:     It drains your maximum health when unequipped.
   Harm:      It increases damage dealt and taken.
Missiles
 d - 3 throwing nets (quivered)
 e - a javelin
 j - 3 datura-tipped darts
Armour
 b - a +0 leather armour (worn)
 c - a +0 helmet
Jewellery
 w - an amulet of the acrobat
 y - an amulet of reflection (around neck)
Wands
 C - a wand of acid (10)
Scrolls
 f - a scroll of butterflies
 h - 3 scrolls of blinking
 k - a scroll of enchant armour {unknown}
 l - 2 scrolls of immolation
 m - a scroll of torment {unknown}
 n - 2 scrolls of poison
 q - a scroll of vulnerability
 r - a scroll of enchant weapon
 s - 2 scrolls of teleportation {unknown}
 t - 5 scrolls of amnesia
 A - a scroll of brand weapon {unknown}
 B - a scroll of fear {unknown}
Potions
 g - a potion of cancellation
 i - a potion of resistance
 o - a potion of curing
 v - 2 potions of magic
 x - a potion of degeneration
 z - a potion of might {unknown}


   Skills:
 + Level 4.2 Fighting
 * Level 6.1 Long Blades
 * Level 7.3 Staves
 + Level 2.5 Throwing
 + Level 3.1 Armour
 + Level 4.5 Dodging
 + Level 2.6 Shields
 - Level 2.0 Evocations


You had 7 spell levels left.
You didn't know any spells.
Your spell library was empty.

Dungeon Overview and Level Annotations

Branches:
Dungeon (7/15) Zot: 1329   Temple (0/1) D:6

Altars:
Makhleb
Nemelex Xobeh
Vehumet
The Shining One

Shops:
D:1 *   D:5 =   D:6 !

Annotations:
D:4 Edmund


Innate Abilities, Weirdness & Mutations

You passively map a small area around you.
You are easily found by Zot.
You glow in the dark.
You regain HP and MP as you explore.
You are somewhat resistant to further mutation.


Message History

Your Long Blades skill increases to level 6!
No target in view!
Things that are here:
a +0 dagger; a +0 robe; an orc corpse You now have 113 gold pieces (gained 8).
You open the large door.
Found a falchion.
There is a large open door here.
Done exploring.
Done exploring.
There is a stone staircase leading down here.
You climb downwards.
The troll shouts!
Found 6 stones.
There is a stone staircase leading up here.
The troll barely misses you. The troll misses you. The troll claws you.
You climb upwards.
There is a stone staircase leading down here.
You hit the troll.
You feel better.
The troll is lightly wounded.
The troll bites you! The troll closely misses you. The troll misses you.
You barely miss the troll. The troll closely misses you.
You block the troll's attack. x2
You slash the troll!
You feel better.
The troll is moderately wounded.
The troll bites you! The troll claws you! The troll closely misses you.
You hit the troll.
You feel better.
The troll is heavily wounded.
The troll closely misses you. The troll completely misses you.
The troll barely misses you.
You closely miss the troll.
The troll is heavily wounded.
The troll bites you. The troll claws you.
* * * LOW HITPOINT WARNING * * *
The troll misses you.
You feel better. You block the troll's attack. x3
You feel yourself speed up. The troll bites you!!
* * * LOW HITPOINT WARNING * * *
The troll claws you.
You die...

#.# #.# #.# ##.#. #.#####.#
#.####.... #.##....# #.........
#.##.#### ######.... #.##.# ###..
####.##.# ############ #..
#.....#.###..........# #..
##.....#.#........###.### #..
.......).......T@.......#######..
......<....#.####................
##.....#####.########............
###......................#####..
#.#.#####.########.###.#####..
#.#.# #.########.# #........
#.#.# #..........###.######.
#.#.# ##########.....# #.
####.#.# ####### #.


You could see a troll.

Vanquished Creatures
  A water moccasin (D:6)
  An ice beast (D:6)
  A black bear (D:6)
  An ogre (D:6)
  A necrophage (D:6)
  4 bullfrogs (D:6)
  2 scorpions (D:6)
  A howler monkey (D:6)
  A hound (D:6)
  3 orc wizards
  9 adders
  4 dart slugs
  10 orcs
  8 endoplasms
  2 giant cockroaches
  5 goblins
  3 hobgoblins
  7 jackals
  2 kobolds (D:1)
  3 quokkas
  4 ball pythons
  3 bats (D:1)
  2 frilled lizards
  2 rats
80 creatures vanquished.

Notes
Turn   | Place    | Note
-------+----------+-------------------------------------------
     0 | D:1      | Newt the Meteoran Gladiator began the quest for the Orb.
     0 | D:1      | Reached XP level 1. HP: 17/17 MP: 2/2
    45 | D:1      | Reached skill level 4 in Staves
    45 | D:1      | Reached XP level 2. HP: 18/24 MP: 3/3
   180 | D:1      | Found Etzit's Assorted Antiques.
   202 | D:1      | Reached skill level 1 in Evocations
   286 | D:1      | Reached XP level 3. HP: 29/29 MP: 4/4
   597 | D:2      | Reached XP level 4. HP: 33/37 MP: 5/5
   693 | D:2      | Reached skill level 5 in Staves
   744 | D:3      | Found a faded altar of an unknown god.
   772 | D:3      | Prayed at the altar of an unknown god.
   772 | D:3      | Became a worshipper of Makhleb the Destroyer
   772 | D:3      | Reached * piety under Makhleb
   983 | D:3      | Found a glowing golden altar of the Shining One.
  1082 | D:3      | Found a sparkling altar of Nemelex Xobeh.
  1168 | D:3      | Found a burning altar of Makhleb.
  1168 | D:3      | Noticed a cacodemon
  1359 | D:4      | Reached XP level 5. HP: 43/44 MP: 6/6
  1774 | D:4      | Noticed Edmund
  1787 | D:5      | Entered Level 5 of the Dungeon
  1939 | D:5      | Found Neam's Jewellery Shop.
  2005 | D:5      | Reached skill level 1 in Armour
  2129 | D:5      | Noticed an ice beast
  2148 | D:6      | Reached XP level 6. HP: 51/51 MP: 7/7
  2149 | D:6      | Found the +8 demon blade "Leech" {vamp, Harm Drain rN+}
  2181 | D:6      | Reached skill level 6 in Staves
  2183 | D:6      | Reached skill level 1 in Shields
  2206 | D:6      | Noticed a water moccasin
  2210 | D:6      | Reached skill level 1 in Long Blades
  2210 | D:6      | Reached XP level 7. HP: 57/57 MP: 8/8
  2212 | D:6      | Killed a water moccasin
  2237 | D:6      | Found a radiant altar of Vehumet.
  2256 | D:6      | Reached ** piety under Makhleb
  2266 | D:6      | Reached XP level 8. HP: 66/66 MP: 9/9
  2300 | D:6      | Found Saqu's Distillery.
  2308 | D:6      | Bought a potion of mutation for 104 gold pieces
  2308 | D:6      | Bought a potion of mutation for 104 gold pieces
  2308 | D:6      | Gained mutation: You have a pair of small horns on your
                  | head. [potion of mutation]
  2309 | D:6      | Lost mutation: You have a pair of small horns on your head.
                  | [potion of mutation]
  2309 | D:6      | Gained mutation: You expend magic power (3 MP) to
                  | strengthen your wands. [potion of mutation]
  2309 | D:6      | Gained mutation: You are frail. (-10% HP) [potion of
                  | mutation]
  2310 | D:6      | Lost mutation: You expend magic power (3 MP) to strengthen
                  | your wands. [potion of mutation]
  2310 | D:6      | Lost mutation: You are frail. (-10% HP) [potion of
                  | mutation]
  2310 | D:6      | Gained mutation: You are somewhat resistant to further
                  | mutation. [potion of mutation]
  2318 | D:6      | Reached skill level 7 in Staves
  2378 | D:6      | Reached skill level 5 in Long Blades
  2412 | D:6      | Found a staircase to the Ecumenical Temple.
  2858 | D:7      | Noticed a troll
  2868 | D:6      | HP: 3/66 [troll (22)]
  2868 | D:6      | Slain by a troll

Illustrated notes

Levels and vault maps discovered:
D:1:      saegor_arrival_simple_a, layout_basic, serial_shops, shop_fountains
D:2:      layout_rooms
D:3:      layout_loops_cross, nicolae_overflow_crystal_walls,
          nemelex_spade_bored_becter, makhleb_altar_promises_db,
          hellmonk_ecumenical_altar_lost_god, uniq_crazy_yiuf_cottage
D:4:      layout_cave_pods, minmay_small_thing, uniq_edmund
D:5:      layout_cave_pools, serial_shops, nicolae_shop_behind_doors
D:6:      layout_loops_ring, mainiacjoe_overflow_concentric_impassable,
          minmay_temple_entry_trees, nicolae_stop_n_shop_2,
          kennysheep_generic_room_5
D:7:      layout_gridville, mainiacjoe_overflow_six_doors_small,
          dreamdust_gnoll_shepherd

Skill      XL: |  1  2  3  4  5  6  7  8 |
---------------+-------------------------+-----
Staves         | 4 5 6 7 |  7.3
Evocations     | 1 2 |  2.0
Armour         | 1 2 3 |  3.1
Fighting       | 3 4 |  4.2
Dodging        | 4 |  4.5
Shields        | 1 2 |  2.6
Long Blades    | 1 3 6 |  6.1
Throwing       | |  2.5

Action                   |  1- 3 |  4- 6 |  7- 9 || total
-------------------------+-------+-------+-------++-------
Melee: Quarterstaff      |    66 |   115 |       ||   181
       Demon blade       |       |    10 |    50 ||    60
  Use: Scroll            |     2 |     8 |       ||    10
       Potion            |       |       |     8 ||     8
Armor: Leather armour    |    27 |    39 |    10 ||    76
Dodge: Dodged            |    41 |    58 |    27 ||   126
Block: Other             |       |    30 |    17 ||    47

Table legend: (Time is in decaauts)
 A = Elapsed time spent in this place.
 B = Non-inter-level travel time spent in this place.
 C = Inter-level travel time spent in this place.
 D = Time resting spent in this place.
 E = Time spent auto-exploring this place.
 F = Levels seen in this place.
 G = Mean time per level.
                   A        B        C        D        E       F      G
               +--------+--------+--------+--------+--------+-----+--------+
         Total |   2869 |   2818 |     51 |    517 |   1541 |   7 |  409.9 |
       Dungeon |   2869 |   2818 |     51 |    517 |   1541 |   7 |  409.9 |
               +--------+--------+--------+--------+--------+-----+--------+

Top non-repeatable levels by time:
     D:3: 802 daAuts
     D:6: 711 daAuts
     D:1: 426 daAuts
     D:5: 358 daAuts
     D:2: 318 daAuts
     D:4: 250 daAuts
     D:7: 2 daAuts
